| TOP OF THE 1ST |
|
Spokane Indians batting - Pitching for Everett AquaSox : RHP Josh Newell
|
|
Pitching: RHP Josh Newell
|
|
|
Batting: RHB Orlando Melchor
|
0-0: Ground out 5-3 (Groundball, 56, EV 88.1 MPH)
|
|
Batting: LHB Jesus Romero
|
0-0: Called Strike 0-1: Ball 1-1: Foul Ball, location: 2F 1-2: Fly out, F9 (Flyball, 9LS, EV 85.6 MPH)
|
|
Batting: RHB Casey Nelligan
|
0-0: Ground out 5-3 (Groundball, 56S, EV 86.9 MPH)
|
| Top of the 1st over - 0 runs, 0 hits, 0 errors, 0 left on base; Spokane 0 - Everett 0 |
| BOTTOM OF THE 1ST |
|
Everett AquaSox batting - Pitching for Spokane Indians : LHP Matt Walton
|
|
Pitching: LHP Matt Walton
|
|
|
Batting: RHB Tomokazu Sugimoto
|
0-0: Ball 1-0: Called Strike 1-1: Ball 2-1: Foul Ball, location: 2F 2-2: Fly out, F9 (Flyball, 9D, EV 101.2 MPH)
|
|
Batting: RHB Enrique Valdez
|
0-0: Ball 1-0: Ground out 6-3 (Groundball, 6S, EV 65.6 MPH)
|
|
Batting: RHB Ben Alspach
|
0-0: Called Strike 0-1: Ball 1-1: Ball 2-1: Ball 3-1: Base on Balls
|
|
Batting: LHB Taki Matsui
|
0-0: Hit by Pitch Ben Alspach to second
|
|
Batting: RHB Hideo Okimura
|
0-0: Fielders Choice at 2nd, 6-4 (Groundball, 6, EV 99.4 MPH)
|
| Bottom of the 1st over - 0 runs, 0 hits, 0 errors, 2 left on base; Spokane 0 - Everett 0 |
| TOP OF THE 2ND |
|
Spokane Indians batting - Pitching for Everett AquaSox : RHP Josh Newell
|
|
Batting: RHB Lupe Covarrubias
|
0-0: Foul Ball, location: 2F 0-1: Ball 1-1: Called Strike 1-2: Strikes out looking
|
|
Batting: LHB Dave Doughty
|
0-0: Foul Ball, location: 2F 0-1: SINGLE (Flyball, 78S, EV 90.6 MPH)
|
|
Batting: LHB Gabriel Graves
|
0-0: Ball 1-0: Ball Wild Pitch! Dave Doughty to second 2-0: Called Strike 2-1: Swinging Strike 2-2: Strikes out swinging
|
|
Batting: RHB Darnell Jones
|
0-0: Ball 1-0: Swinging Strike 1-1: Foul Ball, location: 2F 1-2: Ground out 5-3 (Groundball, 56, EV 88.1 MPH)
|
| Top of the 2nd over - 0 runs, 1 hit, 0 errors, 1 left on base; Spokane 0 - Everett 0 |
| BOTTOM OF THE 2ND |
|
Everett AquaSox batting - Pitching for Spokane Indians : LHP Matt Walton
|
|
Batting: LHB Josh Kirk
|
0-0: Ball 1-0: Ball 2-0: Ball 3-0: Called Strike 3-1: Base on Balls
|
|
Batting: RHB Josh O'Neal
|
0-0: DOUBLE (Line Drive, 89XD, EV 110.6 MPH) Josh Kirk to third Runner from 3rd tries for Home, SAFE, throw by CF to trailing runner, SAFE at third!
|
|
Batting: RHB Ben Herman
|
0-0: Called Strike 0-1: Ball 1-1: Called Strike 1-2: Ground out 4-3 (Groundball, 4, EV 101.2 MPH) Josh O'Neal scores
|
|
Batting: LHB Brian Butler
|
0-0: Ball 1-0: Reached on error, E4 (Groundball, 4S, EV 89.4 MPH)
|
|
Batting: RHB Tomokazu Sugimoto
|
0-0: Called Strike Brian Butler is caught stealing 2nd base 2-4 0-1: Foul Ball, location: 2F 0-2: Ball 1-2: Ball 2-2: Hit by Pitch
|
|
Batting: RHB Enrique Valdez
|
0-0: Ball Tomokazu Sugimoto steals 2nd base 1-0: Ball 2-0: Ball 3-0: Called Strike 3-1: Swinging Strike 3-2: Base on Balls
|
|
Batting: RHB Ben Alspach
|
0-0: Ball 1-0: Called Strike 1-1: Swinging Strike 1-2: Ball 2-2: Ball 3-2: Foul Ball, location: 2F 3-2: Strikes out looking
|
| Bottom of the 2nd over - 2 runs, 1 hit, 1 error, 2 left on base; Spokane 0 - Everett 2 |
| TOP OF THE 3RD |
|
Spokane Indians batting - Pitching for Everett AquaSox : RHP Josh Newell
|
|
Batting: RHB Luis Reyna
|
0-0: SINGLE (Groundball, 5S, EV 64.4 MPH) (infield hit)
|
|
Batting: RHB Reilly Hawkins
|
0-0: Ball 1-0: Called Strike 1-1: Called Strike 1-2: Strikes out looking
|
|
Batting: RHB Orlando Melchor
|
0-0: Ball Luis Reyna steals 2nd base 1-0: Swinging Strike 1-1: Swinging Strike 1-2: Strikes out swinging
|
|
Batting: LHB Jesus Romero
|
0-0: Ball 1-0: Ball 2-0: Called Strike 2-1: Ball 3-1: Base on Balls
|
|
Batting: RHB Casey Nelligan
|
0-0: Ball 1-0: Swinging Strike 1-1: Foul Ball, location: 2F 1-2: Strikes out swinging
|
| Top of the 3rd over - 0 runs, 1 hit, 0 errors, 2 left on base; Spokane 0 - Everett 2 |
| BOTTOM OF THE 3RD |
|
Everett AquaSox batting - Pitching for Spokane Indians : LHP Matt Walton
|
|
Batting: LHB Taki Matsui
|
0-0: Ball 1-0: Called Strike 1-1: Swinging Strike 1-2: Ball 2-2: Ground out 4-3 (Groundball, 4M, EV 85.0 MPH)
|
|
Batting: RHB Hideo Okimura
|
0-0: Ball 1-0: Ball 2-0: Foul Ball, location: 2F 2-1: Called Strike 2-2: Ball 3-2: Base on Balls
|
|
Batting: LHB Josh Kirk
|
0-0: Ball 1-0: Ball 2-0: Called Strike 2-1: Fielders Choice at 2nd, 4-6 (Groundball, 4M, EV 106.9 MPH)
|
|
Batting: RHB Josh O'Neal
|
0-0: Ball 1-0: Swinging Strike 1-1: Called Strike 1-2: Ball Josh Kirk is caught stealing 2nd base 2-4
|
| Bottom of the 3rd over - 0 runs, 0 hits, 0 errors, 0 left on base; Spokane 0 - Everett 2 |
| TOP OF THE 4TH |
|
Spokane Indians batting - Pitching for Everett AquaSox : RHP Josh Newell
|
|
Batting: RHB Lupe Covarrubias
|
0-0: Ball 1-0: Ball 2-0: Foul Ball, location: 2F 2-1: Foul Ball, location: 2F 2-2: Fly out, F9 (Flyball, 9S, EV 82.5 MPH)
|
|
Batting: LHB Dave Doughty
|
0-0: Swinging Strike 0-1: Ball 1-1: Ball 2-1: Ground out 3-1 (Groundball, 34, EV 103.8 MPH)
|
|
Batting: LHB Gabriel Graves
|
0-0: Ball 1-0: Ball 2-0: Ball 3-0: Called Strike 3-1: Base on Balls
|
|
Batting: RHB Darnell Jones
|
0-0: Ground out 6-3 (Groundball, 6S, EV 82.5 MPH)
|
| Top of the 4th over - 0 runs, 0 hits, 0 errors, 1 left on base; Spokane 0 - Everett 2 |
| BOTTOM OF THE 4TH |
|
Everett AquaSox batting - Pitching for Spokane Indians : LHP Matt Walton
|
|
Batting: RHB Josh O'Neal
|
0-0: Ball 1-0: Foul Ball, location: 2F 1-1: Ball 2-1: Called Strike 2-2: Strikes out looking
|
|
Batting: RHB Ben Herman
|
0-0: Ball 1-0: Called Strike 1-1: Ball 2-1: Foul Ball, location: 2F 2-2: Ground out 6-3 (Groundball, 6, EV 83.1 MPH)
|
|
Batting: LHB Brian Butler
|
0-0: Ball 1-0: Called Strike 1-1: Ball 2-1: Called Strike 2-2: Fly out, F4 (Line Drive, 4, EV 68.8 MPH)
|
| Bottom of the 4th over - 0 runs, 0 hits, 0 errors, 0 left on base; Spokane 0 - Everett 2 |
| TOP OF THE 5TH |
|
Spokane Indians batting - Pitching for Everett AquaSox : RHP Josh Newell
|
|
Batting: RHB Luis Reyna
|
0-0: Ball 1-0: Swinging Strike 1-1: Swinging Strike 1-2: Reached on error, E7 (Flyball, 78M, EV 73.8 MPH)
|
|
Batting: RHB Reilly Hawkins
|
0-0: Called Strike Luis Reyna steals 2nd base 0-1: Ball 1-1: Foul Ball, location: 2F 1-2: Ball Wild Pitch! Luis Reyna to third 2-2: Ball 3-2: Strikes out swinging
|
|
Batting: RHB Orlando Melchor
|
0-0: Foul Ball, location: 2F 0-1: DOUBLE (Line Drive, 5D, EV 99.4 MPH) Luis Reyna scores
|
|
Batting: LHB Jesus Romero
|
0-0: Ball 1-0: Ball Orlando Melchor steals 3rd base (no throw) 2-0: Ball 3-0: Foul Ball, location: 2F 3-1: Ground out 4-3 (Groundball, 4, EV 83.8 MPH) Orlando Melchor scores
|
|
Batting: RHB Casey Nelligan
|
0-0: DOUBLE (Groundball, 5L, EV 97.5 MPH)
|
|
Batting: RHB Lupe Covarrubias
|
0-0: Ball 1-0: Foul Ball, location: 2F 1-1: Ground out 6-3 (Groundball, 6S, EV 90.0 MPH)
|
| Top of the 5th over - 2 runs, 2 hits, 1 error, 1 left on base; Spokane 2 - Everett 2 |
| BOTTOM OF THE 5TH |
|
Everett AquaSox batting - Pitching for Spokane Indians : LHP Matt Walton
|
|
Batting: RHB Tomokazu Sugimoto
|
0-0: Foul Ball, location: 2F 0-1: Called Strike 0-2: Strikes out swinging
|
|
Batting: RHB Enrique Valdez
|
0-0: Called Strike 0-1: Ball 1-1: Called Strike 1-2: Strikes out swinging
|
|
Batting: RHB Ben Alspach
|
0-0: Called Strike 0-1: Ball 1-1: Foul Ball, location: 2F 1-2: Foul Ball, location: 2F 1-2: Ball 2-2: Ground out 6-3 (Groundball, 6M, EV 106.2 MPH)
|
| Bottom of the 5th over - 0 runs, 0 hits, 0 errors, 0 left on base; Spokane 2 - Everett 2 |
| TOP OF THE 6TH |
|
Spokane Indians batting - Pitching for Everett AquaSox : RHP Josh Newell
|
|
Batting: LHB Dave Doughty
|
0-0: Called Strike 0-1: Swinging Strike 0-2: Ground out 5-3 (Groundball, 56, EV 108.1 MPH)
|
|
Batting: LHB Gabriel Graves
|
0-0: Called Strike 0-1: Called Strike 0-2: Ball 1-2: DOUBLE (Groundball, 5L, EV 95.6 MPH)
|
|
Batting: RHB Darnell Jones
|
0-0: Ball 1-0: SINGLE (Groundball, 4MD, EV 96.9 MPH) Gabriel Graves to third Runner from 3rd tries for Home, SAFE, throw by CF to home
|
|
Batting: RHB Luis Reyna
|
0-0: Grounds into double play, 5-4-3 (Groundball, 5, EV 106.9 MPH)
|
| Top of the 6th over - 1 run, 2 hits, 0 errors, 0 left on base; Spokane 3 - Everett 2 |
| BOTTOM OF THE 6TH |
|
Everett AquaSox batting - Pitching for Spokane Indians : LHP Matt Walton
|
|
Batting: LHB Taki Matsui
|
0-0: Swinging Strike 0-1: Ball 1-1: Called Strike 1-2: Strikes out looking
|
|
Pitching: RHP Dan Landry
|
|
|
Batting: RHB Hideo Okimura
|
0-0: Called Strike 0-1: Ball 1-1: Swinging Strike 1-2: Ball 2-2: Foul Ball, location: 2F 2-2: Strikes out looking
|
|
Batting: LHB Josh Kirk
|
0-0: Called Strike 0-1: Fly out, F1 (Line Drive, P, EV 71.2 MPH)
|
| Bottom of the 6th over - 0 runs, 0 hits, 0 errors, 0 left on base; Spokane 3 - Everett 2 |
| TOP OF THE 7TH |
|
Spokane Indians batting - Pitching for Everett AquaSox : RHP Josh Newell
|
|
Batting: RHB Reilly Hawkins
|
0-0: Ball 1-0: Ball 2-0: Called Strike 2-1: Swinging Strike 2-2: Foul Ball, location: 2F 2-2: Ball 3-2: Strikes out swinging
|
|
Batting: RHB Orlando Melchor
|
0-0: Ball 1-0: Ball 2-0: Ball 3-0: Called Strike 3-1: Foul Ball, location: 2F 3-2: Base on Balls
|
|
Pitching: RHP Matt Lane
|
|
|
Batting: LHB Jesus Romero
|
0-0: Ball Orlando Melchor steals 2nd, throwing error, E2 Orlando Melchor to third 1-0: SINGLE (Line Drive, 7S, EV 97.5 MPH) Orlando Melchor scores
|
|
Batting: RHB Casey Nelligan
|
0-0: Called Strike 0-1: Ball Jesus Romero steals 2nd base 1-1: Called Strike 1-2: Ball 2-2: Ground out U3 (Groundball, 3S, EV 65.6 MPH) Jesus Romero to third
|
|
Batting: RHB Lupe Covarrubias
|
0-0: Called Strike Balk! Jesus Romero scores 0-1: Ball 1-1: Swinging Strike 1-2: Foul Ball, location: 2F 1-2: Ground out 6-3 (Groundball, 6MD, EV 81.2 MPH)
|
| Top of the 7th over - 2 runs, 1 hit, 1 error, 0 left on base; Spokane 5 - Everett 2 |
| BOTTOM OF THE 7TH |
|
Everett AquaSox batting - Pitching for Spokane Indians : RHP Dan Landry
|
|
Now in CF: Matt Strong
|
|
|
Now in RF: Dave Doughty
|
|
|
Batting: RHB Josh O'Neal
|
0-0: Ball 1-0: Ball 2-0: Foul Ball, location: 2F 2-1: Ground out 6-3 (Groundball, 56, EV 104.4 MPH)
|
|
Pinch Hitting: LHB Roy Blonski
|
0-0: Called Strike 0-1: Ball 1-1: Foul Ball, location: 2F 1-2: Ball 2-2: Ball 3-2: Strikes out swinging
|
|
Batting: LHB Brian Butler
|
0-0: Called Strike 0-1: Foul Ball, location: 2F 0-2: Strikes out swinging
|
| Bottom of the 7th over - 0 runs, 0 hits, 0 errors, 0 left on base; Spokane 5 - Everett 2 |
| TOP OF THE 8TH |
|
Spokane Indians batting - Pitching for Everett AquaSox : RHP Matt Lane
|
|
Now in CF: Mike Conaway
|
|
|
Batting: LHB Dave Doughty
|
0-0: Ball 1-0: Reached on error, E3 (Groundball, 3, EV 105.0 MPH)
|
|
Batting: LHB Gabriel Graves
|
0-0: Ball Dave Doughty steals 2nd base 1-0: Called Strike 1-1: Ball 2-1: Foul Ball, location: 2F 2-2: Ground out 1-3 (Groundball, 34S, EV 69.4 MPH) Dave Doughty to third
|
|
Batting: RHB Darnell Jones
|
0-0: Ball 1-0: Ball 2-0: Ball 3-0: Called Strike 3-1: Foul Ball, location: 2F 3-2: Ground out 6-3 (Groundball, 6, EV 86.2 MPH) Dave Doughty scores
|
|
Pinch Hitting: LHB Bob Gilmour
|
0-0: Ball 1-0: Foul Ball, location: 2F 1-1: Fly out, F9 (Flyball, 9D, EV 99.4 MPH)
|
| Top of the 8th over - 1 run, 0 hits, 1 error, 0 left on base; Spokane 6 - Everett 2 |
| BOTTOM OF THE 8TH |
|
Everett AquaSox batting - Pitching for Spokane Indians : RHP Dan Landry
|
|
Now at 1B: Herb Craig
|
|
|
Batting: RHB Tomokazu Sugimoto
|
0-0: Ball 1-0: Called Strike 1-1: Foul Ball, location: 2F 1-2: Ball 2-2: Ball 3-2: Strikes out swinging
|
|
Batting: RHB Enrique Valdez
|
0-0: Called Strike 0-1: Ball 1-1: Ball 2-1: Fly out, F8 (Flyball, 8LD, EV 99.4 MPH)
|
|
Batting: RHB Ben Alspach
|
0-0: Ball 1-0: SINGLE (Groundball, 6MD, EV 103.8 MPH)
|
|
Batting: LHB Taki Matsui
|
0-0: Fly out, F9 (Flyball, 9S, EV 73.8 MPH)
|
| Bottom of the 8th over - 0 runs, 1 hit, 0 errors, 1 left on base; Spokane 6 - Everett 2 |
| TOP OF THE 9TH |
|
Spokane Indians batting - Pitching for Everett AquaSox : RHP Matt Lane
|
|
Pinch Hitting: SHB Josh Schultze
|
0-0: Ball 1-0: Ball 2-0: Foul Ball, location: 2F 2-1: SOLO HOME RUN (Flyball, 9LD, EV 91.9 MPH), Distance : 337 ft
|
|
Batting: RHB Orlando Melchor
|
0-0: Ball 1-0: Ball 2-0: Ball 3-0: Base on Balls
|
|
Batting: LHB Jesus Romero
|
0-0: Ball Orlando Melchor steals 2nd base 1-0: Ball 2-0: Foul Ball, location: 2F 2-1: SINGLE (Line Drive, 56D, EV 96.2 MPH) Orlando Melchor to third Runner from 3rd tries for Home, throw by LF and OUT! 7-2
|
|
Batting: RHB Matt Strong
|
0-0: Ball Wild Pitch! Jesus Romero to second 1-0: Ball 2-0: Ground out 1-3 (Groundball, 13, EV 73.8 MPH) Jesus Romero to third
|
|
Pitching: RHP Marty Maginnis
|
|
|
Batting: RHB Lupe Covarrubias
|
0-0: Fly out, F4 (Popup, 4, EV 80.6 MPH)
|
| Top of the 9th over - 1 run, 2 hits, 0 errors, 1 left on base; Spokane 7 - Everett 2 |
| BOTTOM OF THE 9TH |
|
Everett AquaSox batting - Pitching for Spokane Indians : RHP Dan Landry
|
|
Now at 3B: Sal Espinosa
|
|
|
Now in CF: Casper Kersten
|
|
|
Batting: RHB Hideo Okimura
|
0-0: Ground out 5-3 (Groundball, 5L, EV 86.9 MPH)
|
|
Batting: LHB Josh Kirk
|
0-0: Called Strike 0-1: DOUBLE (Line Drive, 9LS, EV 99.4 MPH)
|
|
Batting: RHB Josh O'Neal
|
0-0: Ball 1-0: Swinging Strike 1-1: Swinging Strike 1-2: Ball 2-2: Strikes out looking
|
|
Batting: RHB Mike Conaway
|
0-0: Foul Ball, location: 2F 0-1: Ball 1-1: Ball 2-1: Fly out, F4 (Line Drive, 4M, EV 69.4 MPH)
|
| Bottom of the 9th over - 0 runs, 1 hit, 0 errors, 1 left on base; Spokane 7 - Everett 2 |
|